AoeStats
← CrazyBen

Lombardia

508674017Analyzed
4v4 RM · 8d ago on Sep 23, 2026· 60m 53s· 8 players
Game mode
Random Map
Map size
Large (8 player)
Population
200
Speed
Normal
Resources
Standard
Victory
Conquest
Starting age
Dark Age
Ending age
Imperial Age
RankedLock teamsTeams togetherTeam positionsShared explorationLock speedFull tech treeHidden civsTurbo modeCheats
Victory
Defeat
🇭🇰 Khmer · Hong Kong SAR China
1576
+12
🇺🇸 Danes · United States
1549
+13
🇨🇳 Poles · China
1549
+13
🇫🇷 Goths · France
1466
+15
🇨🇳 Khitans · China
1521
-15
🇯🇵 Danes · Japan
1477
-13
🇨🇳 Varangians · China
1474
-13
🇨🇳 Slavs · China
1451
-12
Its Jskillz
6:58 Loom
8:55 Feudal Age
8:55 Man-at-Arms
9:23 Double-Bit Axe
9:43 Arson
10:27 Loom
14:13 Horse Collar
20:29 Castle Age
18:34 Scale Mail Armor
19:06 Forging
21:34 Chain Mail Armor
21:54 Bow Saw
25:05 Wheelbarrow
25:35 Heavy Plow
25:36 Stone Mining
27:02 Hand Cart
27:28 Squires
29:28 Gold Mining
35:35 Imperial Age
33:52 Gold Shaft Mining
35:12 Iron Casting
35:19 Ballistics
37:20 Plate Mail Armor
38:54 Blast Furnace
39:21 Onager
39:59 Elite Varangian Guard
41:26 Masonry
41:22 Siege Engineers
41:31 Masonry
41:48 Gambesons
41:54 Fletching
42:00 Siege Onager
43:49 Bodkin Arrow
43:19 Pikeman
44:35 Conscription
44:32 Hamask
45:40 Caravan
45:27 Halberdier
46:28 Capped Ram
48:17 Coinage
47:28 Siege Ram
49:00 Northmen's Fury
53:52 Banking
58:30 Chemistry
57:22 Guard Tower
57:29 Murder Holes
57:40 Bracer
59:14 Arrowslits
59:33 Padded Archer Armor
致远Deepgame
11:26 Feudal Age
12:07 Double-Bit Axe
15:22 Castle Age
13:19 Horse Collar
16:12 Heavy Plow
16:25 Bow Saw
20:04 Bow Saw
22:19 Wheelbarrow
23:55 Forging
25:32 Iron Casting
25:10 Szlachta Privileges
25:32 Husbandry
25:42 Bloodlines
25:33 Gold Mining
28:23 Scale Barding Armor
29:35 Chain Barding Armor
35:53 Town Watch
36:24 Hand Cart
39:32 Imperial Age
39:36 Cavalier
41:17 Blast Furnace
42:28 Conscription
42:56 Town Patrol
42:41 Loom
47:09 Caravan
50:07 Coinage
50:41 Capped Ram
mbxmm
9:02 Feudal Age
9:33 Double-Bit Axe
9:34 Loom
12:04 Horse Collar
19:01 Castle Age
20:17 Bow Saw
20:42 Heavy Plow
22:25 Stone Mining
25:43 Gold Mining
26:27 Scale Barding Armor
26:42 Forging
27:37 Husbandry
29:44 Wheelbarrow
30:58 Gold Shaft Mining
31:48 Hand Cart
34:49 Imperial Age
32:40 Fletching
32:19 Light Cavalry
33:11 Bloodlines
34:22 Ballistics
34:25 Chain Barding Armor
35:05 Iron Casting
35:10 Stone Shaft Mining
36:09 Plate Barding Armor
34:56 Hussar
36:13 Conscription
37:40 Blast Furnace
36:46 Heavy Scorpion
39:00 Chemistry
39:19 Town Watch
41:53 Crop Rotation
41:28 Double Crossbow
41:35 Siege Engineers
42:03 Fortified Wall
43:52 Coinage
43:23 Caravan
45:02 Banking
46:21 Bodkin Arrow
47:16 Bracer
46:49 Elite Battle Elephant
47:36 Tusk Swords
CrazyBen
0:37 Loom
14:18 Feudal Age
15:13 Double-Bit Axe
15:09 Horse Collar
19:53 Castle Age
19:19 Stone Mining
21:03 Bow Saw
24:17 Scale Mail Armor
28:50 Chain Mail Armor
35:21 Fletching
39:28 Wheelbarrow
43:40 Imperial Age
41:28 Anarchy
42:26 Forging
44:24 Squires
43:46 Pikeman
44:38 Perfusion
44:59 Conscription
44:45 Elite Huskarl
46:34 Halberdier
51:54 Two-Man Saw
51:58 Heavy Plow
55:53 Coinage
55:32 Caravan
58:10 Hand Cart
桐原冬子
7:55 Loom
13:26 Feudal Age
15:10 Feudal Age
16:22 Double-Bit Axe
19:04 Castle Age
16:49 Horse Collar
17:03 Gold Mining
20:13 Bow Saw
21:15 Fletching
22:23 Bodkin Arrow
24:21 Padded Archer Armor
25:35 Husbandry
26:47 Wheelbarrow
28:56 Ballistics
29:25 Bloodlines
30:48 Gold Shaft Mining
32:03 Leather Archer Armor
37:03 Thumb Ring
40:46 Imperial Age
41:35 Bracer
42:32 Hand Cart
42:04 Cranequins
44:03 Caravan
46:44 Ring Archer Armor
46:33 Heavy Plow
47:23 Conscription
47:15 Onager
47:16 Northmen's Fury
47:23 Onager
48:20 Onager
49:31 Heavy Mounted Crossbowman
49:55 Siege Onager
50:42 Siege Engineers
52:45 Chemistry
52:15 Murder Holes
52:52 Forging
53:18 Pikeman
53:59 Squires
53:19 Man-at-Arms
54:01 Scale Mail Armor
54:36 Iron Casting
55:42 Masonry
56:18 Halberdier
57:52 Chain Mail Armor
58:37 Blast Furnace
李清然
8:04 Loom
9:03 Loom
12:32 Feudal Age
14:04 Double-Bit Axe
16:44 Castle Age
17:48 Bow Saw
20:30 Horse Collar
26:05 Forging
27:29 Husbandry
27:44 Scale Barding Armor
30:31 Wheelbarrow
33:42 Iron Casting
33:15 Heavy Plow
38:04 Imperial Age
36:13 Chain Barding Armor
36:55 Gold Mining
36:54 Town Watch
38:09 Elite Jarl
39:20 Coinage
38:50 Caravan
40:16 Blast Furnace
41:53 Plate Barding Armor
42:48 Ballistics
43:29 Chemistry
42:20 Fletching
44:40 Hand Cart
44:50 Conscription
45:00 Bodkin Arrow
45:06 Padded Archer Armor
46:32 Bracer
46:47 Leather Archer Armor
46:23 Vendel Legacy
47:49 Coinage
49:32 Banking
54:21 Fortified Wall
54:21 Masonry
53:52 Treadmill Crane
57:07 Squires
57:14 Scale Mail Armor
56:48 Pikeman
58:19 Halberdier
60:51 Chain Mail Armor
随之任之
6:05 Loom
9:39 Feudal Age
10:11 Double-Bit Axe
10:08 Domestication
12:59 Forging
21:58 Castle Age
20:03 Gold Mining
21:26 Fletching
22:02 Heavy Cavalry Archer
22:38 Bodkin Arrow
23:01 Bow Saw
23:12 Husbandry
24:13 Padded Archer Armor
23:46 Crossbowman
26:24 Wheelbarrow
29:28 Ballistics
29:19 Thumb Ring
31:55 Hand Cart
39:59 Imperial Age
38:34 Scale Barding Armor
40:32 Chain Barding Armor
40:51 Iron Casting
40:12 Elite Steppe Lancer
41:06 Stone Mining
43:00 Chemistry
42:13 Ordo Cavalry
44:33 Caravan
45:23 Bracer
46:42 Guilds
47:34 Plate Barding Armor
47:47 Coinage
49:33 Banking
55:04 Parthian Tactics
55:40 Heavy Camel Rider
56:52 Light Cavalry
垃圾小士兵
8:52 Feudal Age
7:54 Loom
10:43 Double-Bit Axe
13:26 Forging
16:05 Scale Barding Armor
19:06 Wheelbarrow
22:01 Castle Age
20:36 Gold Mining
20:58 Bloodlines
21:24 Horse Collar
22:07 Light Cavalry
22:48 Husbandry
23:09 Chain Barding Armor
24:05 Bow Saw
23:47 Town Watch
31:01 Heavy Plow
32:50 Hand Cart
35:56 Gold Shaft Mining
36:33 Detinets
42:17 Imperial Age
41:05 Iron Casting
40:55 Fletching
43:50 Plate Barding Armor
44:13 Scale Mail Armor
44:10 Bodkin Arrow
44:44 Squires
44:05 Pikeman
45:25 Conscription
45:21 Halberdier
47:31 Chain Mail Armor
48:17 Blast Furnace
49:23 Druzhina
51:27 Plate Mail Armor
51:12 Caravan
55:00 Elite Boyar
56:01 Murder Holes
56:19 Fortified Wall
55:50 Elite Boyar
56:41 Padded Archer Armor
56:54 Elite Boyar
59:56 Chemistry
59:19 Ballistics
Connection lost

Rejoining the realm…

Still unreachable

The connection could not be restored.

Session expired

The server has moved on; the page needs a fresh start.